 Dungeon Crawl Stone Soup version 0.30-a0-652-gcc886f7154 (webtiles) character file.

Game seed: 433811443072962601

101 wormed the Trooper (level 4, -7/40 HPs)
             Began as a Hill Orc Monk on Jan 17, 2023.
             Killed by nerve-wracking pain
             ... invoked by an orc priest
              (10 damage)
             ... on level 3 of the Dungeon.
             The game lasted 00:02:42 (2038 turns).

wormed the Trooper (Hill Orc Monk)                  Turns: 2038, Time: 00:02:43

Health: -7/40      AC:  2    Str: 13    XL:     4   Next: 75%
Magic:  5/5        EV: 13    Int: 10    God:
Gold:   106        SH:  0    Dex: 15    Spells: 3/3 levels left

rFire   . . .      SeeInvis .    a - +0 short sword
rCold   . . .      Faith    .    (no shield)
rNeg    . . .      Spirit   .    b - +0 robe
rPois   .          Reflect  .    (no helmet)
rElec   .          Harm     .    (no cloak)
rCorr   .          Rampage  .    (no gloves)
Will    .....                    (no boots)
Stlth   ++                       (no amulet)
HPRegen 0.26/turn                (no ring)
MPRegen 0.09/turn                (no ring)

@: no status effects
A: no striking features
a: Convert to Beogh


You were on level 3 of the Dungeon.
You visited 1 branch of the dungeon, and saw 3 of its levels.

You collected 106 gold pieces.

Inventory:

Hand Weapons
 a - a +0 short sword (weapon)
Missiles
 j - 3 poisoned darts (quivered)
Armour
 b - a +0 robe (worn)
Scrolls
 d - a scroll of amnesia {unknown}
 e - 2 scrolls of noise {unknown}
 i - a scroll of identify {unknown}
 k - a scroll of blinking {unknown}
Potions
 c - a potion of ambrosia
 f - a potion of curing {unknown}
 g - 2 potions of brilliance {unknown}
 h - a potion of cancellation {unknown}
 l - a potion of berserk rage {unknown}
 m - a potion of degeneration {unknown}
 n - a potion of might {unknown}
 o - a potion of lignification {unknown}


   Skills:
 + Level 4.1 Fighting
 * Level 4.0 Short Blades
 + Level 2.9 Dodging
 + Level 2.2 Stealth
 + Level 1.8 Invocations


You had 3 spell levels left.
You didn't know any spells.
Your spell library was empty.

Dungeon Overview and Level Annotations

Branches:
Dungeon (3/15)

Altars:


Message History

The orc closely misses you.
You hit the orc priest but do no damage.
The orc priest is moderately wounded.
The orc priest hits you with a +0 short sword.
The orc closely misses you. The orc hits you with a +0 club.
You closely miss the orc priest.
The orc priest is moderately wounded.
The orc shouts!
You hit the orc priest but do no damage.
The orc priest shouts, "Join the one true god or die!"
The orc priest is moderately wounded.
The orc priest mumbles some strange prayers to Beogh against you.
Beogh smites you!
* * * LOW HITPOINT WARNING * * *
The orc hits you with a +0 club.
* * * LOW HITPOINT WARNING * * *
The orc barely misses you.
You barely miss the orc priest.
The orc priest is moderately wounded.
The orc priest hits you with a +0 short sword.
* * * LOW HITPOINT WARNING * * *
The orc hits you with a +0 club.
* * * LOW HITPOINT WARNING * * *
You hit the orc priest.
The orc priest is severely wounded.
The orc priest calls down the wrath of Beogh upon you.
You barely resist. The orc hits you but does no damage.
You hit the orc priest.
The orc priest shouts, "Beogh is our master!
Accept the truth or die!"
The orc priest is almost dead.
The orc priest completely misses you. The orc closely misses you.
The orc hits you but does no damage.
The orc priest shouts, "Join the one true god or die!"
You hit the orc priest.
The orc priest is almost dead.
You closely miss the orc priest.
The orc priest is almost dead.
The orc priest calls down the wrath of Beogh upon you.
Pain shoots through your body!
You die...

<..##... .(......[.......#.#
...##...# #####...##...##.#.#
.#.##...# #..<####.###.#.####.
##.# ...# #.#....†.# #........
##.# #...###### ###.##### ##..
###o# #.# # ## #o# #.# #
#######o##########.#
######.........o@o?.........#
..o.o...########...........######
######### #########.........
#...###### #####


You could see an orc priest and 4 orcs.

Vanquished Creatures
  3 adders
  2 dart slugs
  6 orcs
  7 ball pythons
  4 bats
  5 endoplasms
  2 giant cockroaches
  5 goblins
  5 hobgoblins
  2 jackals (D:1)
  4 kobolds
  3 quokkas
  A frilled lizard (D:2)
  10 rats
59 creatures vanquished.

Notes
Turn   | Place    | Note
-------+----------+-------------------------------------------
     0 | D:1      | wormed the Hill Orc Monk began the quest for the Orb.
     0 | D:1      | Reached XP level 1. HP: 19/19 MP: 1/1
   146 | D:1      | Reached XP level 2. HP: 27/27 MP: 2/2
   470 | D:1      | Reached skill level 1 in Invocations
   470 | D:1      | Reached XP level 3. HP: 29/33 MP: 3/3
  1242 | D:2      | Reached XP level 4. HP: 38/40 MP: 5/5
  2034 | D:3      | HP: 2/40 [orc/+0 club (2)]
  2038 | D:3      | Killed from afar by an orc priest

Illustrated notes

Levels and vault maps discovered:
D:1:      dpeg_arrival_solitude, layout_basic
D:2:      layout_loops_cross
D:3:      layout_loops_ring, okawaru_gym_becter

Skill      XL: |  1  2  3  4 |
---------------+-------------+-----
Invocations    | 1 |  1.8
Fighting       | 4 |  4.1
Stealth        | 2 |  2.2
Short Blades   | 4 |  4.0
Dodging        | |  2.9

Action                   |  1- 3 |  4- 6 || total
-------------------------+-------+-------++-------
Melee: Short sword       |   130 |    97 ||   227
       Punch             |     1 |       ||     1
 Stab: Sleeping          |     6 |     3 ||     9
Armor: Robe              |    22 |    10 ||    32
Dodge: Dodged            |    92 |    65 ||   157

Table legend: (Time is in decaauts)
 A = Elapsed time spent in this place.
 B = Non-inter-level travel time spent in this place.
 C = Inter-level travel time spent in this place.
 D = Time resting spent in this place.
 E = Time spent auto-exploring this place.
 F = Levels seen in this place.
 G = Mean time per level.
                   A        B        C        D        E       F      G
               +--------+--------+--------+--------+--------+-----+--------+
         Total |   1998 |   1952 |     46 |      0 |   1507 |   3 |  666.0 |
       Dungeon |   1998 |   1952 |     46 |      0 |   1507 |   3 |  666.0 |
               +--------+--------+--------+--------+--------+-----+--------+

Top non-repeatable levels by time:
     D:2: 881 daAuts
     D:1: 747 daAuts
     D:3: 368 daAuts
